 Dungeon Crawl Stone Soup version 0.31-a0-321-g19405a7a6a (webtiles) character file.

Game seed: 13627937976627502446

75 lunkers the Insei (level 4, -8/21 HPs)
             Began as a Meteoran Shapeshifter on July 17, 2023.
             Mangled by Crazy Yiuf
             ... wielding a +4 quarterstaff of chaos
              (10 damage)
             ... on level 3 of the Dungeon.
             The game lasted 00:02:06 (1173 turns).

lunkers the Insei (Meteoran Shapeshifter)           Turns: 1173, Time: 00:02:06

Health: -8/21      AC:  8    Str: 21    XL:     4   Next: 86%
Magic:  5/5        EV: 10    Int:  9    God:
Gold:   163        SH:  0    Dex: 17    Spells: 3/3 levels left

rFire   . .          .
                       - Unarmed
rCold   . . .        (shield currently unavailable)
rNeg    . . .        a - melded +0 animal skin
rPois   .            (helmet currently unavailable)
rElec   .            (cloak currently unavailable)
rCorr   .            (gloves currently unavailable)
SInv    .            (boots currently unavailable)
Will    .....        f - amulet of regeneration
Stlth   +            (no ring)
HPRegen 1.03/turn    (no ring)
MPRegen 0.09/turn

%: no passive effects
@: snake-form, glowing
A: constrict, reduced hp, large, sense surroundings 1, otherworldly, glowing,
explore regen
a: Begin Untransformation


You were on level 3 of the Dungeon.
You were an enormous anaconda.
You visited 1 branch of the dungeon, and saw 3 of its levels.

You collected 163 gold pieces.

Inventory:

Missiles
 l - a throwing net
Armour
 a - a +0 animal skin (melded)
Jewellery
 f - an amulet of regeneration (around neck)
Talismans
 c - a beast talisman
 e - a serpent talisman
Wands
 j - a wand of charming (10)
 k - a wand of iceblast (7)
Scrolls
 h - 2 scrolls of identify
 m - a scroll of fog
Potions
 b - a potion of lignification
 d - 3 potions of curing
 g - a potion of might
 i - 2 potions of haste


   Skills:
 - Level 2.1 Fighting
 - Level 2.4 Dodging
 * Level 4.9 Unarmed Combat
 + Level 4.0 Shapeshifting


You had 3 spell levels left.
You didn't know any spells.
Your spell library contained the following spells:

 Spells                   Type           Power      Damage    Failure   Level
 Slow                     Hex            0%         N/A       38%         1
 Ensorcelled Hibernation  Hex/Ice        0%         N/A       52%         2
 Passwall                 Tmut/Erth      0%         N/A       52%         2
 Swiftness                Air            0%         N/A       77%         3


Dungeon Overview and Level Annotations

Branches:
Dungeon (3/15) Zot: 629

Altars:

Shops:
D:1 [

Annotations:
D:3 Crazy Yiuf


Innate Abilities, Weirdness & Mutations

You are an enormous anaconda.
You have a powerful constriction melee attack.
Your maximum health is decreased, since you lack skill for your form.
Your armour is entirely melded.
You are incapable of wielding weapons or throwing items.
You passively map a small area around you.
You are easily found by Zot.
You glow in the dark.
You regain HP and MP as you explore.


Message History

No target in view!
You open the door.
There is an open door here.
You see here a +0 heavy trident.
h - 2 scrolls of identify (gained 1)
You now have 163 gold pieces (gained 7).
Found an escape hatch in the ceiling.
No target in view!
Okay, then.
There is an escape hatch in the ceiling here.
Found a potion of curing.
d - 3 potions of curing (gained 1)
You open the door.
There is an open door here.
There is an open door here.
There is an open door here.
Crazy Yiuf shouts!
Crazy Yiuf yells, "Cards!"
Unknown command.
Okay, then.
You open the door. You barely miss Crazy Yiuf. You grab Crazy Yiuf.
You constrict Crazy Yiuf. Crazy Yiuf barely misses you.
Unknown command.
You hit Crazy Yiuf but do no damage.
Crazy Yiuf is lightly wounded.
You constrict Crazy Yiuf.
Crazy Yiuf hits you with a +4 quarterstaff of chaos.
Crazy Yiuf freezes you.
You hit Crazy Yiuf but do no damage.
Crazy Yiuf is moderately wounded.
You constrict Crazy Yiuf.
Crazy Yiuf hits you with a +4 quarterstaff of chaos!
Ouch! That really hurt!
* * * LOW HITPOINT WARNING * * *
You hit Crazy Yiuf.
Crazy Yiuf is heavily wounded.
You constrict Crazy Yiuf.
Crazy Yiuf hits you with a +4 quarterstaff of chaos!
You die...

.#
##.......................#
.#
#.....#####...........##.#
.#
#.....<.)......##'######.##
.#
#.################.........
.## #.# #######.## ..# #.#
#....##.#. ..#####.##♣♣ ###
#......... .........#)♣♣
♣♣#..)# #.....#.#.
.#####.....)♣♣♣♣Sg...#
#####...#+ .#
##......♣..♣#...#
#......... .## #..#..♣.♣♣♣
*### #####..... ..#
###.##♣♣♣♣♣ #..... ###
#...# #..... #...##########
#..... #............#
#..... #............#
#..... #####............#
#.....


You could see Crazy Yiuf.

Vanquished Creatures
  3 gnolls (D:3)
  2 dart slugs (D:1)
  An orc (D:3)
  4 ball pythons (D:1)
  3 bats
  5 endoplasms
  5 giant cockroaches
  3 goblins
  3 hobgoblins
  5 kobolds (D:1)
  A quokka (D:1)
  A frilled lizard (D:1)
  2 rats
38 creatures vanquished.

Notes
Turn   | Place    | Note
-------+----------+-------------------------------------------
     0 | D:1      | lunkers the Meteoran Shapeshifter began the quest for the
                  | Orb.
     0 | D:1      | Reached XP level 1. HP: 17/17 MP: 2/2
    54 | D:1      | Reached XP level 2. HP: 24/24 MP: 3/3
   103 | D:1      | Reached XP level 3. HP: 23/29 MP: 4/4
   130 | D:1      | Found Diutuorche's Armour Shop.
   561 | D:2      | Found a faded altar of an unknown god.
   565 | D:2      | Got Plato's Anthology of Bewitchment
   676 | D:3      | Reached XP level 4. HP: 21/36 MP: 5/5
   753 | D:3      | Found a runed translucent door.
   754 | D:3      | Noticed Crazy Yiuf
  1173 | D:3      | Mangled by Crazy Yiuf

Illustrated notes

Levels and vault maps discovered:
D:1:      dpeg_arrival_leaves_temple_mockup, layout_rooms, serial_shops,
          nicolae_shop_temple_entry_statues_fountains
D:2:      layout_basic, shapermc_ecumenical_altar_rom_forum
D:3:      layout_basic, nicolae_gozag_seed_capital, uniq_crazy_yiuf_cottage

Skill      XL: |  1  2  3  4 |
---------------+-------------+-----
Unarmed Combat | 3 4 |  4.9
Shapeshifting  | 4 |  4.0
Fighting       | |  2.1
Dodging        | |  2.4

Action                     |  1- 3 |  4- 6 || total
---------------------------+-------+-------++-------
  Melee: Unarmed           |    61 |    16 ||    77
         Punch             |     2 |       ||     2
         Constrict         |     5 |     4 ||     9
    Use: Scroll            |     5 |     1 ||     6
 Armour: Animal skin       |     6 |       ||     6
         Skin              |    11 |     8 ||    19
  Dodge: Dodged            |    25 |     4 ||    29
   Form: Anaconda          |     1 |       ||     1

Table legend: (Time is in decaauts)
 A = Elapsed time spent in this place.
 B = Non-inter-level travel time spent in this place.
 C = Inter-level travel time spent in this place.
 D = Time resting spent in this place.
 E = Time spent auto-exploring this place.
 F = Levels seen in this place.
 G = Mean time per level.
                   A        B        C        D        E       F      G
               +--------+--------+--------+--------+--------+-----+--------+
         Total |   1169 |   1102 |     67 |      0 |    796 |   3 |  389.7 |
       Dungeon |   1169 |   1102 |     67 |      0 |    796 |   3 |  389.7 |
               +--------+--------+--------+--------+--------+-----+--------+

Top non-repeatable levels by time:
     D:3: 590 daAuts
     D:1: 304 daAuts
     D:2: 275 daAuts
